 Dungeon Crawl Stone Soup version 0.30-a0-651-g0755cc6dcf (webtiles) character file.

Game seed: 6608516445145874964

1351 Decipherer the Spear-Bearer (level 8, -1/71 HPs)
             Began as a Minotaur Berserker on Jan 18, 2023.
             Was a Priest of Trog.
             Slain by an orc warrior
             ... wielding a +0 glaive
              (12 damage)
             ... on level 5 of the Dungeon.
             The game lasted 00:04:35 (5187 turns).

Decipherer the Spear-Bearer (Minotaur Berserker)    Turns: 5187, Time: 00:04:36

Health: -1/71      AC: 10    Str: 30    XL:     8   Next: 36%
Magic:  7/7        EV: 10    Int:  4    God:    Trog [***...]
Gold:   183        SH:  0    Dex: 10    Spells: 7/7 levels left

rFire   + . .      SeeInvis .    x - +0 glaive (venom)
rCold   . . .      Faith    .    (shield currently unavailable)
rNeg    . . .      Spirit   .    o - +0 chain mail
rPois   .          Reflect  .    (helmet restricted)
rElec   .          Harm     .    (no cloak)
rCorr   .          Rampage  .    (no gloves)
Will    .....                    (no boots) Stlth
                                 (no amulet)
HPRegen 0.31/turn                p - +6 ring of strength
MPRegen 0.10/turn                r - ring of protection from fire

@: mighty
A: horns 2, retaliatory headbutt
a: Renounce Religion, Berserk, Trog's Hand


You were on level 5 of the Dungeon.
You worshipped Trog.
Trog was most pleased with you.
You visited 1 branch of the dungeon, and saw 6 of its levels.

You collected 183 gold pieces.

Inventory:

Hand Weapons
 a - a +0 spear
 x - a +0 glaive of venom (weapon)
Missiles
 g - 2 poisoned darts
 q - 4 boomerangs
 s - 3 curare-tipped darts
Armour
 o - a +0 chain mail (worn)
Jewellery
 p - a +6 ring of strength (left hand)
 r - a ring of protection from fire (right hand)
Scrolls
 b - 9 scrolls of identify {unknown}
 c - a scroll of magic mapping {unknown}
 e - 5 scrolls of teleportation {unknown}
 h - a scroll of blinking {unknown}
 i - a scroll of enchant weapon {unknown}
 j - a scroll of fog {unknown}
 k - a scroll of immolation {unknown}
 t - a scroll of enchant armour {unknown}
 u - a scroll of fear {unknown}
 v - a scroll of poison {unknown}
 w - a scroll of noise {unknown}
Potions
 d - a potion of curing
 f - a potion of mutation {unknown}
 l - a potion of attraction {unknown}
 m - 2 potions of flight {unknown}


   Skills:
 + Level 6.6 Fighting
 + Level 8.6 Polearms
 + Level 6.6 Armour
 + Level 3.5 Dodging
 + Level 2.1 Stealth


You had 7 spell levels left.
You didn't know any spells.
Your spell library contained the following spells:

 Spells                   Type           Power      Damage    Failure   Level
 Freeze                   Ice            0%         1d3       95%         1
 Sting                    Tmut/Pois      0%         1d3       95%         1
 Frozen Ramparts          Ice            0%         1d1       100%        3
 Hailstorm                Conj/Ice       0%         3d3       100%        3
 Ignite Poison            Fire/Tmut/Pois 0%         N/A       100%        3
 Kindle Blastsparks       Fire/Tloc/Air  0%         2d10      100%        3
 Ozocubu's Armour         Ice            0%         N/A       100%        3
 Summon Guardian Golem    Hex/Summ       0%         N/A       100%        3
 Freezing Cloud           Conj/Ice/Air   0%         6-21      100%        5
 Ozocubu's Refrigeration  Ice            0%         4d7       100%        7


Dungeon Overview and Level Annotations

Branches:
Dungeon (6/15)             Temple (0/1) D:6

Altars:
Makhleb
Uskayaw
Zin
The Shining One

Shops:
D:1 :   D:5 =


Innate Abilities, Weirdness & Mutations

You have a pair of horns on your head.
You reflexively headbutt those who attack you in melee.


Message History

There are monsters nearby!
You are too injured to fight recklessly!
Unknown command.
There are monsters nearby!
You are too injured to fight recklessly!
Unknown command.
There are monsters nearby!
You are too injured to fight recklessly!
Unknown command.
There are monsters nearby!
You are too injured to fight recklessly!
Unknown command.
You barely miss something. The orc hits you with a +0 club.
You hear some strange, mumbled words.
Something tries to affect you, but you resist.
The orc warrior barely misses you.
The orc warrior hits you from afar with a +0 glaive.
Something hits you but does no damage.
You miss something. The orc barely misses you.
Something hits you but does no damage.
The orc warrior hits you from afar with a +0 glaive!
You miss something. Your headbutt misses something.
You hear some strange, mumbled words.
You are confused.
The orc warrior hits you from afar with a +0 glaive!
* * * LOW HITPOINT WARNING * * *
You feel better. The orc hits you with a +0 club.
* * * LOW HITPOINT WARNING * * *
Something hits you but does no damage. The orc warrior barely misses you.
You feel very mighty all of a sudden.
The orc warrior hits you from afar with a +0 glaive!
* * * LOW HITPOINT WARNING * * *
Something hits you but does no damage.
You slash the orc!
You kill the orc!
Trog accepts your kill.
You hear some strange, mumbled words.
Something tries to affect you, but you resist.
The orc warrior hits you from afar with a +0 glaive!
You die...

..... ..∩.∩ ####.....
......∩. .. #.....###.
#..o..#.. #{).....#
###@###..##. #...........
##############.#.###.##..#
...............#.........#
################..>#.###.#
.....# .........^#.#.#
...#.# #########.#.#..
##.#.# #.#.#... #...<#
#.#.#....


You could see an orc warrior (poisoned).

Vanquished Creatures
  Grinder (D:3)
  Pargi (D:3)
  A sky beast (D:6)
  An ogre (D:4)
  A centaur (D:4)
  Blork the orc (D:4)
  A necrophage (D:4)
  2 scorpions
  A crimson imp (D:4)
  2 orc priests
  A hound (D:5)
  Jessica (D:3)
  2 iguanas
  6 orc wizards
  Robin (D:3)
  An adder (D:2)
  6 gnolls (D:4)
  A worm (D:4)
  4 dart slugs
  14 orcs
  12 endoplasms
  2 giant cockroaches (D:1)
  8 hobgoblins
  8 kobolds
  3 quokkas
  7 ball pythons
  3 bats
  2 frilled lizards
  16 goblins
  A goblin skeleton (D:4)
  3 goblin zombies (D:4)
  A kobold zombie (D:4)
  2 orc skeletons (D:4)
  2 rats (D:3)
119 creatures vanquished.

Notes
Turn   | Place    | Note
-------+----------+-------------------------------------------
     0 | D:1      | Decipherer the Minotaur Berserker began the quest for the
                  | Orb.
     0 | D:1      | Reached XP level 1. HP: 19/19 MP: 0/0
   106 | D:1      | Reached XP level 2. HP: 27/27 MP: 1/1
   203 | D:1      | Reached skill level 4 in Polearms
   316 | D:1      | Found Ikaghuuw's Book Shop.
   841 | D:2      | Reached XP level 3. HP: 33/33 MP: 2/2
  1182 | D:2      | Reached ** piety under Trog
  1492 | D:3      | Reached XP level 4. HP: 41/41 MP: 3/3
  1494 | D:3      | Noticed Jessica
  1501 | D:3      | Killed Jessica
  1502 | D:3      | Reached skill level 5 in Polearms
  1504 | D:3      | Noticed Grinder
  1509 | D:3      | Paralysed by Grinder for 2 turns
  1516 | D:3      | Killed Grinder
  1517 | D:3      | Reached skill level 5 in Fighting
  1517 | D:3      | Reached skill level 6 in Polearms
  1517 | D:3      | Reached skill level 1 in Stealth
  1517 | D:3      | Reached XP level 5. HP: 48/48 MP: 4/4
  1517 | D:3      | Reached XP level 6. HP: 56/56 MP: 5/5
  1668 | D:3      | Found a burning altar of Makhleb.
  1668 | D:3      | Found a hide-covered altar of Uskayaw.
  1674 | D:3      | Noticed Robin
  1688 | D:3      | Killed Robin
  2007 | D:3      | Noticed Pargi
  2025 | D:3      | Killed Pargi
  2588 | D:3      | You fall into a shaft and drop 3 floors!
  2592 | D:6      | Found a staircase to the Ecumenical Temple.
  2597 | D:6      | Noticed a sky beast
  2613 | D:6      | Killed a sky beast
  2614 | D:6      | Reached skill level 7 in Polearms
  2614 | D:6      | Reached XP level 7. HP: 62/62 MP: 6/6
  2681 | D:5      | Entered Level 5 of the Dungeon
  2687 | D:5      | Found Examyis's Jewellery Boutique.
  2748 | D:4      | Found a glowing golden altar of the Shining One.
  2807 | D:4      | Found a glowing silver altar of Zin.
  2807 | D:4      | Noticed an angel
  3006 | D:4      | Reached *** piety under Trog
  3011 | D:4      | Got the Compendium of Charming Toxins
  3687 | D:4      | Reached skill level 5 in Armour
  3699 | D:4      | Reached skill level 8 in Polearms
  3911 | D:4      | Reached XP level 8. HP: 71/71 MP: 7/7
  4406 | D:4      | Noticed Blork the orc
  4420 | D:4      | Killed Blork the orc
  5187 | D:5      | Slain by an orc warrior

Illustrated notes

Levels and vault maps discovered:
D:1:      heliophobic_arrival_dark_side_of_the_moon, layout_basic, serial_shops,
          shop, minmay_crystal_room, hangedman_decor_riveting,
          chequers_mini_garden
D:2:      layout_rooms
D:3:      layout_basic, nicolae_overflow_two_pavilions, uniq_robin, uniq_pargi,
          uniq_grinder, uniq_jessica
D:4:      minmay_inner_zag, layout_basic, zin_angel,
          nicolae_tso_besieged_by_evil, minmay_strange_pillars,
          kennysheep_generic_room_14, uniq_blork_the_orc
D:5:      layout_basic, serial_shops, nicolae_shop_competitors_out_of_business
D:6:      layout_rooms, nicolae_vehumet_altar_sigil, evilmike_ruin_ashenzari,
          led_xom_imps, minmay_temple_entry_tees, gammafunk_ghost_nasty_kobolds,
          serial_glass, glass_columns_c, glass_columns_a, glass_columns_a,
          uniq_menkaure

Skill      XL: |  1  2  3  4  5  6  7  8 |
---------------+-------------------------+-----
Polearms       | 4 6 7 8 |  8.6
Fighting       | 4 5 6 |  6.6
Armour         | 3 4 5 6 |  6.6
Dodging        | 3 |  3.5
Stealth        | 1 2 |  2.1

Action                   |  1- 3 |  4- 6 |  7- 9 || total
-------------------------+-------+-------+-------++-------
Melee: Spear             |    99 |    85 |   166 ||   350
       Headbutt          |    12 |    12 |    31 ||    55
       Glaive            |       |       |    12 ||    12
Invok: Berserk           |     2 |     3 |     3 ||     8
  Use: Potion            |       |       |     3 ||     3
 Stab: Sleeping          |     2 |       |       ||     2
Armor: Animal skin       |    11 |       |       ||    11
       Chain mail        |     1 |    34 |    76 ||   111
Dodge: Dodged            |    22 |    24 |    75 ||   121

Table legend: (Time is in decaauts)
 A = Elapsed time spent in this place.
 B = Non-inter-level travel time spent in this place.
 C = Inter-level travel time spent in this place.
 D = Time resting spent in this place.
 E = Time spent auto-exploring this place.
 F = Levels seen in this place.
 G = Mean time per level.
                   A        B        C        D        E       F      G
               +--------+--------+--------+--------+--------+-----+--------+
         Total |   5182 |   4976 |    206 |      0 |   4070 |   6 |  863.7 |
       Dungeon |   5182 |   4976 |    206 |      0 |   4070 |   6 |  863.7 |
               +--------+--------+--------+--------+--------+-----+--------+

Top non-repeatable levels by time:
     D:4: 1895 daAuts
     D:3: 1562 daAuts
     D:1: 809 daAuts
     D:2: 622 daAuts
     D:5: 198 daAuts
     D:6: 94 daAuts
